 Dungeon Crawl Stone Soup version 0.28-a0-1404-g4df0f3684d (webtiles) character file.

Game seed: 15813937413807831358

61 HallandMoats the Covered (level 3, 0/34 HPs)
             Began as a Deep Dwarf Fighter on Jan 5, 2022.
             Was an Initiate of Qazlal.
             Slain by a gnoll (3 damage)
             ... on level 2 of the Dungeon.
             The game lasted 00:02:39 (1158 turns).

HallandMoats the Covered (Deep Dwarf Fighter)       Turns: 1158, Time: 00:02:39

Health: 0/34       AC:  8    Str: 19    XL:     3   Next: 83%
Magic:  3/3        EV:  9    Int:  8    God:    Qazlal [......]
Gold:   36         SH:  5    Dex: 14    Spells: 2/2 levels left

rFire   . . .      SeeInvis .   b - +3 dagger
rCold   . . .      Faith    .   c - +0 buckler
rNeg    . . .      Spirit   .   l - +0 scale mail
rPois   .          Reflect  .   (no helmet)
rElec   .          Harm     .   k - +0 cloak
rCorr   .          Rampage  .   (no gloves)
Will    .....                   (no boots)
Stlth   ..........              (no amulet)
HPRegen 0.00/turn               (no ring)
MPRegen 0.08/turn               (no ring)

@: no status effects
A: damage resistance, heal wounds, sense surroundings 1, no regeneration
a: Heal Wounds, Renounce Religion


You were on level 2 of the Dungeon.
You worshipped Qazlal.
Qazlal was noncommittal.
You visited 1 branch of the dungeon, and saw 2 of its levels.

You collected 36 gold pieces.

Inventory:

Hand Weapons
 a - a +0 war axe
 b - a +3 dagger (weapon)
Missiles
 i - a throwing net
Armour
 c - a +0 buckler (worn)
 k - a +0 cloak (worn)
 l - a +0 scale mail (worn)
Scrolls
 e - a scroll of fear {unknown}
 f - a scroll of identify {unknown}
 j - a scroll of teleportation {unknown}
Potions
 d - 2 potions of might
 g - 2 potions of curing {unknown}
 h - a potion of degeneration {unknown}


   Skills:
 * Level 3.2 Fighting
 + Level 2.6 Axes
 + Level 3.8 Armour
 + Level 1.1 Dodging
 + Level 3.6 Shields
 * Level 1.0 Invocations


You had 2 spell levels left.
You didn't know any spells.
Your spell library was empty.

Dungeon Overview and Level Annotations

Branches:
Dungeon (2/15)

Altars:
Qazlal


Innate Abilities, Weirdness & Mutations

You are resistant to damage.
You can heal yourself by infusing magical energy.
You passively map a small area around you.
You do not regenerate.


Message History

There are monsters nearby!
There are monsters nearby!
You closely miss the frilled lizard. You block the frilled lizard's attack.
You miss the frilled lizard.
The quokka twitches its whiskers.
The frilled lizard bites you.
You hit the frilled lizard.
You kill the frilled lizard!
Qazlal accepts your kill.
You hit the quokka.
The quokka is moderately wounded.
The quokka bites you but does no damage.
You hit the quokka.
The quokka is severely wounded.
The quokka bites you but does no damage.
You block the gnoll's attack.
The quokka bites you but does no damage.
You hit the quokka.
You kill the quokka!
Qazlal accepts your kill.
The gnoll hits you from afar with a +0 halberd!
You are too injured to fight recklessly!
A gnoll comes into view. It is wielding a +0 spear.
The gnoll shouts!
The gnoll barely misses you.
You see here a frilled lizard corpse.
You hit the gnoll.
The gnoll is moderately wounded.
The gnoll hits you with a +0 halberd!
* * * LOW HITPOINT WARNING * * *
A gnoll comes into view. It is wielding a +0 flail.
The gnoll shouts!
You hit the gnoll.
The gnoll is heavily wounded.
The gnoll hits you with a +0 halberd.
* * * LOW HITPOINT WARNING * * *
You barely miss the gnoll.
The gnoll is heavily wounded.
The gnoll hits you with a +0 halberd.
You die...

#.# #.#
#.# #.# *
#.# #.#
#.#
#.######..
,,
#.@g..g.g#
##########


You could see 3 gnolls.

Vanquished Creatures
  An adder (D:2)
  A dart slug (D:1)
  4 endoplasms
  6 goblins
  5 hobgoblins
  4 jackals (D:2)
  4 quokkas
  6 ball pythons
  4 bats
  3 frilled lizards
  5 kobolds
  3 rats
46 creatures vanquished.

Notes
Turn   | Place    | Note
-------+----------+-------------------------------------------
     0 | D:1      | HallandMoats the Deep Dwarf Fighter began the quest for the
                  | Orb.
     0 | D:1      | Reached XP level 1. HP: 20/20 MP: 1/1
   113 | D:1      | Reached XP level 2. HP: 10/27 MP: 2/2
   629 | D:1      | Reached XP level 3. HP: 7/34 MP: 3/3
   731 | D:2      | Found a stormy altar of Qazlal.
   734 | D:2      | Reached skill level 1 in Dodging
   747 | D:2      | Became a worshipper of Qazlal Stormbringer
  1134 | D:2      | Reached skill level 1 in Invocations
  1158 | D:2      | Slain by a gnoll

Illustrated notes

Levels and vault maps discovered:
D:1:      grunt_arrival_crossed_arrows, layout_basic, roderic_roman_lattice,
          chequers_serial_rivers_small_3, minmay_quantized
D:2:      layout_loops_ring, basic_altar, minmay_pentomino_s4

Skill      XL: |  1  2  3 |
---------------+----------+-----
Fighting       | 3 |  3.2
Dodging        | 1 |  1.1
Invocations    | 1 |  1.0
Axes           | |  2.6
Armour         | |  3.8
Shields        | |  3.6

Action                   || total
-------------------------++-------
Melee: War axe           ||   116
       Dagger            ||     9
 Abil: Heal Wounds       ||     1
Armor: Scale mail        ||    57
Dodge: Dodged            ||    69
Block: Buckler           ||    38

Table legend: (Time is in decaauts)
 A = Elapsed time spent in this place.
 B = Non-inter-level travel time spent in this place.
 C = Inter-level travel time spent in this place.
 D = Time resting spent in this place.
 E = Time spent auto-exploring this place.
 F = Levels seen in this place.
 G = Mean time per level.
                   A        B        C        D        E       F      G
               +--------+--------+--------+--------+--------+-----+--------+
         Total |   1209 |   1136 |     73 |      0 |    805 |   2 |  604.5 |
       Dungeon |   1209 |   1136 |     73 |      0 |    805 |   2 |  604.5 |
               +--------+--------+--------+--------+--------+-----+--------+

Top non-repeatable levels by time:
     D:1: 713 daAuts
     D:2: 496 daAuts
